 Dungeon Crawl Stone Soup version 0.29-a0-813-g4a14ea37d6 (webtiles) character file.

Game seed: 16911945494364801791

4 xian the Grasshopper (level 1, -1/13 HPs)
             Began as a Demonspawn Wanderer on July 4, 2022.
             Slain by a dart slug (2 damage)
             ... on level 1 of the Dungeon.
             The game lasted 00:01:08 (110 turns).

xian the Grasshopper (Demonspawn Wanderer)           Turns: 110, Time: 00:01:09

Health: -1/13      AC:  3    Str: 12    XL:     1   Next: 50%
Magic:  3/3        EV: 11    Int: 13    God:
Gold:   20         SH:  0    Dex: 12    Spells: 3/4 levels left

rFire   . . .      SeeInvis .   a - +0 club
rCold   . . .      Faith    .   (no shield)
rNeg    . . .      Spirit   .   c - +0 robe
rPois   .          Reflect  .   (no helmet)
rElec   .          Harm     .   d - +0 cloak
rCorr   .          Rampage  .   (no gloves)
Will    .....                   (no boots)
Stlth   ++........              (no amulet)
HPRegen 0.04/turn               (no ring)
MPRegen 0.08/turn               (no ring)

@: no status effects
A: no striking features
a: no special abilities


You were on level 1 of the Dungeon.
You visited 1 branch of the dungeon, and saw 1 of its levels.

You collected 20 gold pieces.

Inventory:

Hand Weapons
 a - a +0 club (weapon)
Armour
 c - a +0 robe (worn)
 d - a +0 cloak (worn)
Potions
 b - a potion of invisibility


   Skills:
 + Level 2.8 Stealth
 + Level 2.0 Spellcasting
 + Level 1.1 Necromancy
 + Level 3.7 Translocations


You had 3 spell levels left.
You knew the following spells:

 Your Spells              Type           Power      Damage    Failure   Level
a - Summon Small Mammal   Summ           4%         N/A       26%         1

Your spell library contained the following spells:

 Spells                   Type           Power      Damage    Failure   Level
 Apportation              Tloc           22%        N/A       5%          1
 Necrotise                Necr           16%        1d4       16%         1
 Gell's Gravitas          Tloc           11%        N/A       16%         3
 Lesser Beckoning         Tloc           11%        N/A       16%         3
 Sandblast                Erth           2%         2d4       26%         1
 Passwall                 Tmut/Erth      0%         N/A       36%         2
 Vampiric Draining        Necr           4%         2d6       43%         3
 Call Canine Familiar     Summ           1%         N/A       58%         3
 Stone Arrow              Conj/Erth      2%         3d7       58%         3
 Summon Guardian Golem    Hex/Summ       1%         N/A       58%         3


Dungeon Overview and Level Annotations

Branches:
Dungeon (1/15)

Altars:


Message History

Your bat hits the hobgoblin. The hobgoblin attacks as you move away!
The hobgoblin hits you.
Your bat hits the hobgoblin but does no damage.
You hit the hobgoblin.
The hobgoblin is almost dead.
Your bat completely misses the hobgoblin.
The hobgoblin hits you.
You hit the hobgoblin.
You kill the hobgoblin!
You swap places.
Your bat hits the ball python. Your bat hits the ball python.
You barely miss the ball python.
The ball python is severely wounded.
Your bat barely misses the ball python.
The ball python closely misses you. The ball python grabs you.
The ball python constricts you.
You closely miss the ball python.
The ball python is severely wounded.
Your bat barely misses the ball python. x2
The ball python bites you but does no damage.
The ball python constricts you. The ball python barely misses you.
The ball python constricts you.
You hit the ball python.
You kill the ball python!
Your bat disappears in a puff of smoke!
A dart slug comes into view.
Found a sling.
You see here 13 gold pieces.
You now have 20 gold pieces (gained 13).
The dart slug launches a dart at you. The slug dart hits you.
* * * LOW HITPOINT WARNING * * *
The dart slug barely misses you.
You hit the dart slug.
The dart slug is heavily wounded.
The dart slug barely misses you.
You hit the dart slug.
The dart slug is severely wounded.
The dart slug bites you.
You die...

#.#.#...#'######
#.#.#.#.#
#.#.#.#'######
#.#.#.........
#.#.#.........
#.#.#.........
#.#.#.........
#.............
#.@...........
#..w..........
#)....#+######
........#
#.###...... #
#...##.# #....
.# ##+#.# #


You could see a dart slug.

Vanquished Creatures
  An endoplasm (D:1)
  A hobgoblin (D:1)
  A ball python (D:1)
3 creatures vanquished.

Vanquished Creatures (collateral kills)
  A rat (D:1)
1 creature vanquished.

Grand Total: 4 creatures vanquished

Notes
Turn   | Place    | Note
-------+----------+-------------------------------------------
     0 | D:1      | xian the Demonspawn Wanderer began the quest for the Orb.
     0 | D:1      | xian set off with the following items: a +0 club, a potion
                  | of invisibility, a +0 robe, a +0 cloak; and the following
                  | spells available to memorise: Apportation, Necrotise,
                  | Gell's Gravitas, Lesser Beckoning, Vampiric Draining.
     0 | D:1      | Reached XP level 1. HP: 13/13 MP: 3/3
    11 | D:1      | Learned a level 1 spell: Summon Small Mammal
   110 | D:1      | Slain by a dart slug

Illustrated notes

Levels and vault maps discovered:
D:1:      dpeg_arrival_arbitrary_c, layout_basic, basic_ecumenical_altar

Action                   || total
-------------------------++-------
Melee: Club              ||     8
 Cast: Summon Small Mamm ||     2
Armor: Robe              ||     2
Dodge: Dodged            ||     4

Table legend: (Time is in decaauts)
 A = Elapsed time spent in this place.
 B = Non-inter-level travel time spent in this place.
 C = Inter-level travel time spent in this place.
 D = Time resting spent in this place.
 E = Time spent auto-exploring this place.
 F = Levels seen in this place.
 G = Mean time per level.
                   A        B        C        D        E       F      G
               +--------+--------+--------+--------+--------+-----+--------+
         Total |    112 |    112 |      0 |      0 |     22 |   1 |  112.0 |
       Dungeon |    112 |    112 |      0 |      0 |     22 |   1 |  112.0 |
               +--------+--------+--------+--------+--------+-----+--------+

Top non-repeatable levels by time:
     D:1: 112 daAuts
